 Dungeon Crawl Stone Soup version 0.30-a0-325-gb515db48ae (webtiles) character file.

Game seed: 59975556862717867

49 Alfie the Covered (level 3, 0/33 HPs)
             Began as a Hill Orc Fighter on Oct 28, 2022.
             Slain by a gnoll
             ... wielding a +0 flail
              (2 damage)
             ... on level 2 of the Dungeon.
             The game lasted 00:02:55 (1302 turns).

Alfie the Covered (Hill Orc Fighter)                Turns: 1302, Time: 00:02:56

Health: 0/33       AC:  8    Str: 20    XL:     3   Next: 77%
Magic:  3/3        EV:  9    Int:  8    God:
Gold:   113        SH:  4    Dex: 10    Spells: 2/2 levels left

rFire   . . .      SeeInvis .    a - +0 rapier
rCold   . . .      Faith    .    c - +0 buckler
rNeg    . . .      Spirit   .    b - +0 scale mail
rPois   .          Reflect  .    (no helmet)
rElec   .          Harm     .    (no cloak)
rCorr   .          Rampage  .    (no gloves)
Will    .....                    h - +0 pair of boots
Stlth   ..........               (no amulet)
HPRegen 0.25/turn                (no ring)
MPRegen 0.08/turn                (no ring)

@: no status effects
A: no striking features
a: no special abilities


You were on level 2 of the Dungeon.
You visited 1 branch of the dungeon, and saw 2 of its levels.

You collected 113 gold pieces.

Inventory:

Hand Weapons
 a - a +0 rapier (weapon)
Armour
 b - a +0 scale mail (worn)
 c - a +0 buckler (worn)
 h - a +0 pair of boots (worn)
Jewellery
 e - a ring of positive energy
 m - a ring of fire
Scrolls
 g - 2 scrolls of teleportation {unknown}
 i - 2 scrolls of blinking {unknown}
 j - a scroll of enchant weapon {unknown}
 l - 2 scrolls of noise {unknown}
 o - a scroll of enchant armour {unknown}
 q - a scroll of identify {unknown}
Potions
 d - a potion of might
 f - 2 potions of brilliance {unknown}
 k - a potion of degeneration {unknown}
 n - a potion of curing {unknown}
 p - a potion of cancellation {unknown}


   Skills:
 + Level 4.0 Fighting
 + Level 2.5 Short Blades
 + Level 0.1 Throwing
 + Level 4.2 Armour
 + Level 0.2 Dodging
 + Level 3.5 Shields


You had 2 spell levels left.
You didn't know any spells.
Your spell library contained the following spells:

 Spells                   Type           Power      Damage    Failure   Level
 Blink                    Tloc           0%         N/A       94%         2
 Manifold Assault         Tloc           0%         N/A       100%        4
 Storm Form               Tmut/Air       0%         N/A       100%        7


Dungeon Overview and Level Annotations

Branches:
Dungeon (2/15)

Altars:


Message History

The gnoll closely misses you. x2
You closely miss the gnoll.
The gnoll is heavily wounded.
You block the gnoll's attack. The gnoll barely misses you.
The gnoll hits you but does no damage. The gnoll hits you with a +0 flail.
The gnoll closely misses you.
You hit the gnoll.
The gnoll is moderately wounded.
The gnoll barely misses you. The gnoll hits you with a +0 spear.
* * * LOW HITPOINT WARNING * * *
You hit the gnoll but do no damage.
The gnoll is moderately wounded.
The gnoll closely misses you. The gnoll hits you with a +0 spear.
* * * LOW HITPOINT WARNING * * *
You hit the gnoll.
The gnoll is moderately wounded.
You block the gnoll's attack. The gnoll hits you but does no damage.
You hit the gnoll.
The gnoll is heavily wounded.
The gnoll hits you but does no damage. You block the gnoll's attack.
You barely miss the gnoll.
The gnoll is heavily wounded.
The gnoll closely misses you. The gnoll hits you but does no damage.
You hit the gnoll.
The gnoll is severely wounded.
The gnoll barely misses you. x2
You hit the gnoll.
The gnoll is severely wounded.
You block the gnoll's attack. The gnoll barely misses you.
You puncture the gnoll!
You kill the gnoll!
The gnoll barely misses you.
Things that are here:
a +0 spear; a gnoll corpse The gnoll attacks as you move away!
The gnoll hits you with a +0 flail.
* * * LOW HITPOINT WARNING * * *
You closely miss the gnoll.
The gnoll is heavily wounded.
The gnoll hits you with a +0 flail.
You die...

##. ... .#.. ###########
......# ..... #.........#
....... .#...##.........#
...... ..................#
....# #.# #.@g.......#
....##..# ##..........#
PP..#..### #...........#
.........#####.#.........#
...##.##.......###########
...##....#.##### .#.)..#
#..# ..##..# ##.# #.....#
##.#


You could see a gnoll.

Vanquished Creatures
  A gnoll (D:2)
  2 dart slugs
  3 endoplasms
  A giant cockroach (D:1)
  5 hobgoblins
  2 kobolds
  2 quokkas (D:1)
  7 ball pythons
  2 bats (D:1)
  2 frilled lizards (D:1)
  4 goblins (D:1)
  3 rats
34 creatures vanquished.

Notes
Turn   | Place    | Note
-------+----------+-------------------------------------------
     0 | D:1      | Alfie the Hill Orc Fighter began the quest for the Orb.
     0 | D:1      | Reached XP level 1. HP: 19/19 MP: 1/1
   148 | D:1      | Reached XP level 2. HP: 27/27 MP: 2/2
   386 | D:1      | Found a faded altar of an unknown god.
   996 | D:2      | Reached XP level 3. HP: 33/33 MP: 3/3
  1302 | D:2      | Slain by a gnoll

Illustrated notes

Levels and vault maps discovered:
D:1:      dpeg_arrival_lava_altar, layout_basic,
          ebering_ecumenical_altar_sacrificial
D:2:      layout_rooms, basic_altar, serial_shops, shop, serial_park_tiny_1

Skill      XL: |  1  2  3 |
---------------+----------+-----
Armour         | 4 |  4.2
Fighting       | 4 |  4.0
Short Blades   | |  2.5
Throwing       | |  0.1
Dodging        | |  0.2
Shields        | |  3.5

Action                   || total
-------------------------++-------
Melee: Rapier            ||   127
Throw: Throwing net      ||     2
Armor: Scale mail        ||    74
Dodge: Dodged            ||    50
Block: Buckler           ||    23

Table legend: (Time is in decaauts)
 A = Elapsed time spent in this place.
 B = Non-inter-level travel time spent in this place.
 C = Inter-level travel time spent in this place.
 D = Time resting spent in this place.
 E = Time spent auto-exploring this place.
 F = Levels seen in this place.
 G = Mean time per level.
                   A        B        C        D        E       F      G
               +--------+--------+--------+--------+--------+-----+--------+
         Total |   1319 |   1301 |     18 |      0 |    915 |   2 |  659.5 |
       Dungeon |   1319 |   1301 |     18 |      0 |    915 |   2 |  659.5 |
               +--------+--------+--------+--------+--------+-----+--------+

Top non-repeatable levels by time:
     D:1: 1001 daAuts
     D:2: 317 daAuts
